 Dungeon Crawl Stone Soup version 0.27.1-33-g824d729ab1 (webtiles) character file.

Game seed: 17562877923408891460

291 corgi the Sneak (level 6, 28/28 HPs)
             Began as a Vine Stalker Enchanter on Dec 8, 2021.
             Was a Believer of Nemelex Xobeh.
             Quit the game on level 4 of the Dungeon on Dec 10, 2021.
             The game lasted 00:11:55 (3714 turns).

corgi the Sneak (Vine Stalker Enchanter)            Turns: 3714, Time: 00:11:56

Health: 28/28      AC:  4    Str: 10    XL:     6   Next: 32%
Magic:  20/20      EV: 12    Int: 16    God:    Nemelex Xobeh [**....]
Gold:   153        SH:  0    Dex: 16    Spells: 10/11 levels left

rFire    . . .     SeeInvis .   a - +1 dagger
rCold    . . .     Faith    .   (no shield)
rNeg     . . .     Spirit   +   g - +0 robe
rPois    .         Reflect  .   t - +0 helmet
rElec    .         Harm     .   d - +0 cloak
rCorr    .         Rampage  .   (no gloves)
Will     .....                  (no boots)
Stlth    +++.......             (no amulet)
HPRegen  1.09/turn              u - ring of magical power
MPRegen  0.17/turn              (no ring)

@: no status effects
A: fangs 2, regeneration 1, magic shield, antimagic bite, no potion heal 2
a: Renounce Religion, Draw Escape, Draw Destruction, Draw Summoning


You were on level 4 of the Dungeon.
You worshipped Nemelex Xobeh.
Nemelex Xobeh was pleased with you.
You visited 1 branch of the dungeon, and saw 4 of its levels.
You also visited: Sewer.

You collected 153 gold pieces.

Inventory:

Hand Weapons
 a - a +1 dagger (weapon)
 b - a +0 short sword
 h - a +0 hand crossbow
 p - a +2 falchion of holy wrath
Missiles
 i - 28 bolts
Armour
 d - a +0 cloak (worn)
 g - a +0 robe (worn)
 t - a +0 helmet (worn)
Jewellery
 u - a ring of magical power (left hand)
Wands
 r - a wand of paralysis (6)
 s - a wand of flame (10)
 w - a wand of polymorph (6)
Scrolls
 c - 5 scrolls of identify {unknown}
 e - a scroll of immolation {unknown}
 k - a scroll of fear {unknown}
 q - 2 scrolls of enchant weapon {unknown}
 v - a scroll of noise {unknown}
Potions
 f - a potion of invisibility {unknown}
 j - 2 potions of might {unknown}
 l - 3 potions of haste
 m - a potion of resistance {unknown}
 n - 3 potions of brilliance {unknown}
 o - 2 potions of mutation {unknown}
 x - a potion of curing


   Skills:
 + Level 2.3 Short Blades
 + Level 2.5 Dodging
 * Level 6.0 Stealth
 + Level 3.2 Spellcasting
 - Level 3.8 Hexes
 + Level 0.0 Invocations


You had 10 spell levels left.
You knew the following spells:

 Your Spells              Type           Power      Damage    Failure   Level
a - Corona                Hex            15%        N/A       3%          1

Your spell library contained the following spells:

 Spells                   Type           Power      Damage    Failure   Level
 Confusing Touch          Hex            14%        N/A       11%         3
 Tukima's Dance           Hex            14%        N/A       11%         3
 Ensorcelled Hibernation  Hex/Ice        16%        N/A       13%         2
 Dazzling Flash           Conj/Hex       16%        N/A       26%         3


Dungeon Overview and Level Annotations

Branches:
Dungeon (4/15)              Sewer (visited)
 Temple: D:4-7

Altars:
Nemelex Xobeh

Shops:
D:2 **

Annotations:
D:2 Sigmund
D:4 3 runed translucent doors


Innate Abilities, Weirdness & Mutations

You have extremely sharp teeth.
Your natural rate of healing is unusually fast.
When hurt, damage is shared between your health and your magic reserves.
Your bite disrupts and absorbs the magic of your enemies.
Potions cannot restore your health.


Message History

Found a potion of curing.
Found a stone staircase leading down.
x - a potion of curing You open the door.
There is an open door here.
You open the door.
There is an open door here.
Found 8 gold pieces.
You now have 132 gold pieces (gained 8).
You open the door.
There is an open door here.
You now have 141 gold pieces (gained 9).
You open the door.
There is an open door here.
You open the door.
A goblin comes into view. It is wielding a +0 dagger.
A goblin is nearby!
The goblin shouts!
There is an open door here.
No target in view!
No target in view!
You hit the goblin. You bite the goblin.
You kill the goblin!
Your Stealth skill increases to level 6!
No target in view!
No target in view!
You see here a +0 dagger.
There is an open door here.
You open the door.
There is an open door here.
You now have 153 gold pieces (gained 12).
Nemelex Xobeh deals you some cards!
You now have 2 escape cards, 8 destruction cards and 5 summoning cards.
Okay, then.
Saving game... please wait.
Level annotation: 3 runed translucent doors Welcome back, corgi the Vine Stalker Enchanter.
Nemelex Xobeh says: It's all in the cards!
Press ? for a list of commands and other information.
Are you sure you want to abandon this character and quit the game? (Confirm with "yes".)

............
#.....#....##...#
###...##...#
#.....#....##...#
..#...# ####
##>...##'####...#
..##### #....+.........#
.....>.#
#....#..........
.......+
#....#######....
##.....#
#..........#...#
.#.....#
..##+#####+##......#...#
.#.....#
.......@....#......#....
##.....+
............#......'....
.......#
+###..###..##......###.#
.)####
###+###..#.....#######
..#..#
#....#...#.....'......
..#..#
#....#...#.....#......
..#..#
#....'...#.....#......
..##.#
###..##+##.....#######
'###'### #..##.#....###


There were no monsters in sight!

Vanquished Creatures
  Robin (D:3)
  6 adders
  A river rat (D:3)
  An ufetubus (D:4)
  2 dart slugs
  3 orcs (D:3)
  3 endoplasms
  5 giant cockroaches
  10 goblins
  9 hobgoblins
  3 jackals (D:3)
  7 kobolds
  4 quokkas
  5 ball pythons
  8 bats
  4 frilled lizards
  12 rats
84 creatures vanquished.

Vanquished Creatures (collateral kills)
  3 kobold brigands (Sewer)
  A giant cockroach (Sewer)
  6 kobolds (Sewer)
10 creatures vanquished.

Vanquished Creatures (others)
  A bat (D:2)
  A giant cockroach (D:2)
  3 plants (Sewer)
5 creatures vanquished.

Grand Total: 99 creatures vanquished

Notes
Turn   | Place    | Note
-------+----------+-------------------------------------------
     0 | D:1      | corgi the Vine Stalker Enchanter began the quest for the
                  | Orb.
     0 | D:1      | Reached XP level 1. HP: 9/9 MP: 4/4
   253 | D:1      | Reached skill level 1 in Short Blades
   449 | D:1      | Reached XP level 2. HP: 3/13 MP: 1/6
   451 | D:1      | Reached skill level 4 in Stealth
  1418 | D:1      | Found a faded altar of an unknown god.
  1679 | D:1      | Became a worshipper of Nemelex Xobeh the Trickster
  1679 | D:1      | Reached * piety under Nemelex Xobeh
  1736 | D:2      | Reached XP level 3. HP: 16/16 MP: 7/7
  1750 | D:2      | Noticed Sigmund
  1922 | D:2      | Received a gift from Nemelex Xobeh
  1982 | D:2      | Found Byqus's General Store.
  1998 | D:2      | Found Cimeo's Assorted Antiques.
  2179 | D:2      | You fall into a shaft and drop 1 floor!
  2402 | D:3      | Found a glowing drain.
  2563 | D:3      | Gained mutation: Your natural rate of healing is unusually
                  | fast. [Vine Stalker growth]
  2563 | D:3      | Reached XP level 4. HP: 6/21 MP: 4/8
  2583 | Sewer    | Entered a sewer
  2693 | Sewer    | Noticed a kobold brigand
  2693 | Sewer    | Noticed a kobold brigand
  2701 | Sewer    | Killed a kobold brigand
  2702 | Sewer    | Reached skill level 5 in Stealth
  2702 | Sewer    | Reached XP level 5. HP: 11/24 MP: 8/10
  2708 | Sewer    | Killed a kobold brigand
  2779 | Sewer    | Noticed a kobold brigand
  2787 | Sewer    | Killed a kobold brigand
  2922 | D:3      | Reached ** piety under Nemelex Xobeh
  2964 | D:3      | Reached XP level 6. HP: 28/28 MP: 11/11
  3346 | D:3      | Noticed Robin
  3364 | D:3      | Killed Robin
  3545 | D:4      | Found a runed translucent gate.
  3545 | D:4      | Found a runed translucent gate.
  3545 | D:4      | Found a runed translucent gate.
  3693 | D:4      | Reached skill level 6 in Stealth
  3713 | D:4      | Received a gift from Nemelex Xobeh
  3714 | D:4      | Quit the game

Illustrated notes

Levels and vault maps discovered:
D:1:      lightli_arrival_farm, layout_basic, ebering_ecumenical_altar_box,
          minmay_quantized
D:2:      layout_basic, serial_shops, shop, shop, nicolae_shop_trees,
          grunt_ministairs_4, roderic_nine_men_s_morris, lemuel_old_faithful,
          uniq_sigmund
D:3:      layout_basic, portal_sewer_entry_b, uniq_robin
D:4:      layout_gridville, gammafunk_ghost_nasty_kobolds

Skill      XL: |  1  2  3  4  5  6 |
---------------+-------------------+-----
Short Blades   | 1 2 |  2.3
Stealth        | 4 5 6 |  6.0
Dodging        | 2 |  2.5
Spellcasting   | 3 |  3.2
Hexes          | |  3.8

Action                   |  1- 3 |  4- 6 || total
-------------------------+-------+-------++-------
Melee: Dagger            |   152 |    52 ||   204
       Bite              |    32 |    27 ||    59
       Short sword       |       |    61 ||    61
Invok: Draw Summoning    |       |     3 ||     3
       Draw Destruction  |       |     2 ||     2
  Use: Potion            |     1 |       ||     1
 Stab: Sleeping          |     8 |    14 ||    22
Armor: Robe              |    22 |    24 ||    46
Dodge: Dodged            |    87 |    53 ||   140
